 Dungeon Crawl Stone Soup version 0.23.2-1-ga50397a (webtiles) character file.

Game seed: 3409584511993135302

5081 Goblin1989 the Nimble (level 10, -8/82 HPs)
             Began as a Gnoll Monk on May 13, 2019.
             Was a Believer of Uskayaw.
             Mangled by a seven-headed hydra (9 damage)
             ... on level 1 of the Lair of Beasts.
             The game lasted 00:17:41 (9095 turns).

Goblin1989 the Nimble (Gnoll Monk)                  Turns: 9095, Time: 00:17:42

Health: -8/82      AC:  8    Str: 16    XL:     10   Next: 57%
Magic:  17/17      EV: 15    Int: 14    God:    Uskayaw [**....]
Gold:   541        SH:  9    Dex: 17    Spells: 19/19 levels left

rFire    + . .     SeeInvis .   E - +2 whip (venom)
rCold    . . .     Gourm    .   X - +0 buckler
rNeg     . . .     Faith    .   g - +0 scale mail {MR+}
rPois    .         Spirit   .   y - +0 helmet
rElec    .         Reflect  +   (no cloak)
rCorr    .         Harm     .   (no gloves)
MR       +....                  (no boots)
Stlth    ++........             s - +3 amulet of reflection
HPRegen  0.23/turn              f - ring of protection from fire
MPRegen  0.15/turn              (no ring)

@: flying, studying Charms
A: distributed training, fangs 1, strong nose
a: Stomp, Line Pass, Renounce Religion


You were on level 1 of the Lair of Beasts.
You worshipped Uskayaw.
Uskayaw was noncommittal.
You were not hungry.

You visited 2 branches of the dungeon, and saw 9 of its levels.
You also visited: Sewer.

You collected 541 gold pieces.

Inventory:

Hand Weapons
 a - a +0 spear
 u - a +0 hunting sling
 x - a +0 arbalest
 B - a +2 hand axe of electrocution
 E - a +2 whip of venom (weapon)
 I - a +0 short sword of venom
 Y - a +0 flail of holy wrath
Missiles
 h - 331 stones (quivered) {@Q3}
 j - 125 arrows
 F - 74 bolts
 H - 4 tomahawks of returning
 N - 14 tomahawks
 Z - 4 throwing nets {!d , @Q1}
Armour
 g - a +0 scale mail of magic resistance (worn)
 t - a +0 chain mail
 y - a +0 helmet (worn)
 V - a +0 plate armour
 W - a +0 troll leather armour
 X - a +0 buckler (worn)
Jewellery
 f - a ring of protection from fire (left hand)
 s - a +3 amulet of reflection (around neck)
Wands
 K - a wand of disintegration (12)
 U - a wand of acid (7) {@v2}
Scrolls
 k - 2 scrolls of amnesia
 n - 3 scrolls of enchant weapon {unknown}
 z - 3 scrolls of remove curse {@r3}
 L - 2 scrolls of fog {unknown}
 M - a scroll of magic mapping
 R - 4 scrolls of identify {@r1}
 T - 3 scrolls of teleportation {!r, @r2}
Potions
 i - 3 potions of heal wounds
 o - 3 potions of flight
 r - 3 potions of degeneration {unknown}
 v - 4 potions of lignification
 A - 5 potions of curing {@q1}
 P - a potion of might {unknown}
Books
 Q - a manual of Charms
Comestibles
 e - 13 rations


   Skills:
 + Level 8.5 Fighting
 + Level 5.3 Short Blades
 + Level 5.3 Long Blades
 + Level 5.3 Axes
 + Level 5.3 Maces & Flails
 + Level 8.5 Polearms
 + Level 5.3 Staves
 + Level 5.3 Slings
 + Level 5.3 Bows
 + Level 5.3 Crossbows
 + Level 5.3 Throwing
 + Level 5.3 Armour
 + Level 8.5 Dodging
 + Level 6.8 Stealth
 + Level 5.3 Shields
 + Level 5.3 Unarmed Combat
 + Level 5.3 Spellcasting
 + Level 4.3 Conjurations
 + Level 4.3 Hexes
 + Level 5.7 Charms
 + Level 4.3 Summonings
 + Level 4.3 Necromancy
 + Level 4.3 Translocations
 + Level 4.3 Transmutations
 + Level 4.3 Fire Magic
 + Level 4.3 Ice Magic
 + Level 4.3 Air Magic
 + Level 4.3 Earth Magic
 + Level 4.3 Poison Magic
 + Level 5.8 Invocations
 + Level 5.3 Evocations


You had 19 spell levels left.
You didn't know any spells.
Your spell library contained the following spells:

 Spells                   Type           Power        Failure   Level  Hunger
 Magic Dart               Conj           ###.         10%         1    None
 Blink                    Tloc           N/A          14%         2    ##.....
 Call Imp                 Summ           ###.....     14%         2    ##.....
 Slow                     Hex            ###.....     14%         2    ##.....
 Conjure Flame            Conj/Fire      ###.....     28%         3    ###....
 Mephitic Cloud           Conj/Pois/Air  ###.....     28%         3    ###....


Dungeon Overview and Level Annotations

Branches:
Dungeon (8/15)             Temple (0/1) D:7            Lair (1/6) D:8

Altars:
Makhleb
Nemelex Xobeh
Qazlal
Trog
Uskayaw
Zin
The Shining One


Innate Abilities, Weirdness & Mutations

Your experience applies equally to all skills.
You have very sharp teeth.
Your uncanny sense of smell can sniff out nearby items.


Message History

The seven-headed hydra is lightly wounded.
Unknown command.
You hit the seven-headed hydra.
The seven-headed hydra is lightly wounded.
The seven-headed hydra bites you but does no damage.
The seven-headed hydra bites you.
You block the seven-headed hydra's attack.
The seven-headed hydra bites you but does no damage. x2
The seven-headed hydra barely misses you.
The seven-headed hydra bites you but does no damage.
The blink frog blinks!
You take 5 damage, and have 83/123 hp.
You barely miss the seven-headed hydra.
The seven-headed hydra is lightly wounded.
You block the seven-headed hydra's attack.
The seven-headed hydra bites you but does no damage. x5
The seven-headed hydra bites you.
You take 5 damage, and have 78/123 hp.
Unknown command.
You hit the seven-headed hydra.
The seven-headed hydra is lightly wounded.
The seven-headed hydra completely misses you.
The seven-headed hydra bites you but does no damage.
The seven-headed hydra bites you.
The seven-headed hydra bites you but does no damage.
You block the seven-headed hydra's attack.
The seven-headed hydra bites you. The seven-headed hydra bites you!
You take 13 damage, and have 65/123 hp.
It was a potion of curing.
You feel better. The seven-headed hydra bites you.
The seven-headed hydra bites you but does no damage.
The seven-headed hydra bites you.
You block the seven-headed hydra's attack.
The seven-headed hydra bites you! The seven-headed hydra bites you.
You block the seven-headed hydra's attack.
The blink frog blinks!
You take 9 damage, and have 56/123 hp.
It was a potion of haste.
You feel yourself speed up.
The seven-headed hydra bites you but does no damage. x2
You block the seven-headed hydra's attack.
The seven-headed hydra bites you.
* * * LOW HITPOINT WARNING * * *
The seven-headed hydra bites you but does no damage. x3
You take 1 damage, and have 55/123 hp.
You hit the seven-headed hydra.
The seven-headed hydra is moderately wounded.
The seven-headed hydra barely misses you.
The seven-headed hydra bites you but does no damage. x3
You block the seven-headed hydra's attack.
The seven-headed hydra bites you but does no damage. x2
You hit the seven-headed hydra.
The seven-headed hydra is moderately wounded.
You hit the seven-headed hydra.
The seven-headed hydra looks as sick as possible!
The seven-headed hydra is heavily wounded.
You block the seven-headed hydra's attack.
The seven-headed hydra bites you!
* * * LOW HITPOINT WARNING * * *
The seven-headed hydra bites you but does no damage.
You block the seven-headed hydra's attack.
The seven-headed hydra bites you but does no damage.
You block the seven-headed hydra's attack.
The seven-headed hydra bites you but does no damage.
You take 7 damage, and have 48/123 hp.
Unknown command.
It was a potion of cancellation.
Your magical effects are unravelling.
You feel magically purged.
You feel less wooden.
Your +0 helmet unmelds from your body.
Your +0 scale mail of magic resistance unmelds from your body.
You feel resistant to hostile enchantments.
You feel yourself slow down.
The blink frog blinks!
You now have 32/82 hp.
It was a potion of flight.
You feel very buoyant.
You fly up into the air.
The seven-headed hydra barely misses you.
The seven-headed hydra bites you!
* * * LOW HITPOINT WARNING * * *
The seven-headed hydra bites you.
* * * LOW HITPOINT WARNING * * *
The seven-headed hydra bites you!
* * * LOW HITPOINT WARNING * * *
You block the seven-headed hydra's attack.
The seven-headed hydra bites you.
* * * LOW HITPOINT WARNING * * *
The seven-headed hydra completely misses you.
You take 27 damage, and have 5/82 hp.
MASSIVE DAMAGE!!
Unknown command. 2 blink frogs come into view.
The blink frog gives a loud, deep croak!
The blink frog blinks!
You closely miss the blink frog. The blink frog barely misses you.
The seven-headed hydra bites you.
* * * LOW HITPOINT WARNING * * *
The seven-headed hydra bites you.
* * * LOW HITPOINT WARNING * * *
The seven-headed hydra bites you!
You die...

█.........█ ▓▓▓▓▓▓
██........█▓▓▓▓·▓▓··
█..?......█▓▓·······
▓█........▲····▓▓▓·▓
█........█▓▓▓·▓ ▓▓▓
█...$....█ ▓▓▓
██▲███.███ ▓▓▓
█.DF†..█ ▓▓·▓
▓▓█@████∆█▓ ▓···
█P..F...?.█▓ ▓···
██.........█▓ ▓···
▓.F.....§.▲.█▓ ▓···
██........█.F█ ▓···
█........[·.█▓▓▓···
█........█··.······
███████▲██▓▓▓▓·▓···
▓··▓▓ ▓▓▓▓▓·


You could see a seven-headed hydra and 3 blink frogs.

Vanquished Creatures
  Harold (Lair:1)
  A troll (D:8)
  A hornet (D:7)
  Prince Ribbit (D:7)
  2 hippogriffs
  2 wyverns (D:8)
  A hungry ghost (D:8)
  2 orc warriors
  A black bear (D:7)
  2 ogres (D:7)
  A phantom (D:5)
  2 centaurs (D:7)
  2 crocodiles (Lair:1)
  A big kobold (Sewer)
  A bullfrog (D:6)
  A gnoll sergeant (D:6)
  A water moccasin zombie (D:7)
  A scorpion (D:6)
  4 killer bees (D:7)
  A centaur zombie (D:8)
  5 crimson imps
  3 hounds
  4 jellies
  7 orc priests
  A centaur skeleton (D:4)
  5 orc wizards
  A gnoll shaman (D:6)
  2 iguanas
  Ijyb (D:4)
  8 worker ants
  Natasha (thrice) (D:2)
  A worker ant zombie (D:5)
  Robin (D:3)
  A howler monkey skeleton (D:7)
  2 howler monkey zombies
  8 adders
  8 gnolls (D:6)
  4 river rats
  A shadow imp (D:6)
  2 adder zombies (D:5)
  An ooze (D:1)
  An adder skeleton (D:4)
  7 worms
  A dart slug (D:1)
  2 leopard geckos
  42 orcs
  3 ball pythons
  4 giant cockroaches
  10 hobgoblins
  8 jackals
  10 kobolds
  5 quokkas
  6 bats
  4 frilled lizards
  14 goblins
  A leopard gecko zombie (D:6)
  11 rats
227 creatures vanquished.

Notes
Turn   | Place    | Note
-------+----------+-------------------------------------------
     0 | D:1      | Goblin1989 the Gnoll Monk began the quest for the Orb.
     0 | D:1      | Reached XP level 1. HP: 23/23 MP: 1/1
   406 | D:1      | Reached XP level 2. HP: 29/29 MP: 2/2
  1193 | D:2      | Reached XP level 3. HP: 35/35 MP: 3/3
  1534 | D:2      | Noticed Natasha
  1547 | D:2      | Killed Natasha
  1547 | D:2      | Reached skill level 1 in Short Blades
  1547 | D:2      | Reached skill level 1 in Long Blades
  1547 | D:2      | Reached skill level 1 in Axes
  1547 | D:2      | Reached skill level 1 in Maces & Flails
  1547 | D:2      | Reached skill level 1 in Staves
  1547 | D:2      | Reached skill level 1 in Slings
  1547 | D:2      | Reached skill level 1 in Bows
  1547 | D:2      | Reached skill level 1 in Crossbows
  1547 | D:2      | Reached skill level 1 in Throwing
  1547 | D:2      | Reached skill level 1 in Armour
  1547 | D:2      | Reached skill level 1 in Shields
  1547 | D:2      | Reached skill level 1 in Unarmed Combat
  1547 | D:2      | Reached skill level 1 in Spellcasting
  1547 | D:2      | Reached skill level 1 in Invocations
  1547 | D:2      | Reached skill level 1 in Evocations
  1547 | D:2      | Reached XP level 4. HP: 29/41 MP: 5/5
  1738 | D:2      | Noticed Natasha
  1758 | D:2      | Killed Natasha
  1758 | D:2      | Reached skill level 1 in Conjurations
  1758 | D:2      | Reached skill level 1 in Hexes
  1758 | D:2      | Reached skill level 1 in Charms
  1758 | D:2      | Reached skill level 1 in Summonings
  1758 | D:2      | Reached skill level 1 in Necromancy
  1758 | D:2      | Reached skill level 1 in Translocations
  1758 | D:2      | Reached skill level 1 in Transmutations
  1758 | D:2      | Reached skill level 1 in Fire Magic
  1758 | D:2      | Reached skill level 1 in Ice Magic
  1758 | D:2      | Reached skill level 1 in Air Magic
  1758 | D:2      | Reached skill level 1 in Earth Magic
  1758 | D:2      | Reached skill level 1 in Poison Magic
  1917 | D:2      | Found a bloodstained altar of Trog.
  2143 | D:2      | Found a hide-covered altar of Uskayaw.
  2144 | D:2      | Found a sparkling altar of Nemelex Xobeh.
  2152 | D:2      | Became a worshipper of Uskayaw the Reveler
  2152 | D:2      | Reached * piety under Uskayaw
  2259 | D:2      | Noticed Natasha
  2269 | D:2      | Reached ** piety under Uskayaw
  2274 | D:2      | Killed Natasha
  2274 | D:2      | Reached XP level 5. HP: 43/47 MP: 6/6
  2650 | D:3      | Noticed Robin
  2654 | D:3      | Reached *** piety under Uskayaw
  2660 | D:3      | Killed Robin
  2873 | D:3      | Found a stormy altar of Qazlal.
  3094 | D:3      | Found a burning altar of Makhleb.
  3110 | D:3      | Reached XP level 6. HP: 44/53 MP: 8/8
  3982 | D:4      | Reached XP level 7. HP: 59/59 MP: 10/10
  4158 | D:4      | Noticed Ijyb
  4171 | D:4      | Killed Ijyb
  4469 | D:5      | Entered Level 5 of the Dungeon
  4555 | D:5      | Found a glowing silver altar of Zin.
  4664 | D:5      | Reached skill level 5 in Stealth
  4958 | D:6      | Found a glowing drain.
  4978 | Sewer    | Entered a sewer
  5047 | Sewer    | Reached XP level 8. HP: 60/67 MP: 12/12
  5102 | Sewer    | Found a white marble altar of Elyvilon.
  5398 | D:6      | Reached **** piety under Uskayaw
  5432 | D:6      | Reached ***** piety under Uskayaw
  6149 | D:6      | Noticed a hippogriff
  6157 | D:6      | Killed a hippogriff
  6436 | D:7      | Reached XP level 9. HP: 72/72 MP: 14/14
  6447 | D:7      | Found a staircase to the Ecumenical Temple.
  6527 | D:7      | Noticed a hornet
  6533 | D:7      | Killed a hornet
  7071 | D:7      | You fall through a shaft!
  7078 | D:8      | Reached skill level 5 in Invocations
  7240 | D:8      | Reached skill level 5 in Charms
  7240 | D:8      | Reached XP level 10. HP: 78/80 MP: 17/17
  7488 | D:7      | Noticed Prince Ribbit
  7489 | D:7      | Found a glowing golden altar of the Shining One.
  7660 | D:7      | Killed Prince Ribbit
  8037 | D:8      | Reached skill level 5 in Short Blades
  8037 | D:8      | Reached skill level 5 in Long Blades
  8037 | D:8      | Reached skill level 5 in Axes
  8037 | D:8      | Reached skill level 5 in Maces & Flails
  8037 | D:8      | Reached skill level 5 in Staves
  8037 | D:8      | Reached skill level 5 in Slings
  8037 | D:8      | Reached skill level 5 in Bows
  8037 | D:8      | Reached skill level 5 in Crossbows
  8037 | D:8      | Reached skill level 5 in Throwing
  8037 | D:8      | Reached skill level 5 in Armour
  8037 | D:8      | Reached skill level 5 in Shields
  8037 | D:8      | Reached skill level 5 in Unarmed Combat
  8037 | D:8      | Reached skill level 5 in Spellcasting
  8037 | D:8      | Reached skill level 5 in Evocations
  8583 | D:8      | Found a staircase to the Lair.
  8793 | Lair:1   | Entered Level 1 of the Lair of Beasts
  8793 | Lair:1   | Noticed Harold
  8808 | Lair:1   | Killed Harold
  9072 | Lair:1   | Noticed a seven-headed hydra
  9095 | Lair:1   | HP: 4/82 [seven-headed hydra (1)]
  9095 | Lair:1   | HP: 1/82 [seven-headed hydra (3)]
  9095 | Lair:1   | Mangled by a seven-headed hydra

Skill      XL: |  1  2  3  4  5  6  7  8  9 10 |
---------------+-------------------------------+-----
Short Blades   | 1 2 3 4 5 |  5.3
Long Blades    | 1 2 3 4 5 |  5.3
Axes           | 1 2 3 4 5 |  5.3
Maces & Flails | 1 2 3 4 5 |  5.3
Staves         | 1 2 3 4 5 |  5.3
Slings         | 1 2 3 4 5 |  5.3
Bows           | 1 2 3 4 5 |  5.3
Crossbows      | 1 2 3 4 5 |  5.3
Throwing       | 1 2 3 4 5 |  5.3
Armour         | 1 2 3 4 5 |  5.3
Shields        | 1 2 3 4 5 |  5.3
Unarmed Combat | 1 2 3 4 5 |  5.3
Spellcasting   | 1 2 3 4 5 |  5.3
Invocations    | 1 2 3 4 5 |  5.8
Evocations     | 1 2 3 4 5 |  5.3
Conjurations   | 1 2 3 4 |  4.3
Hexes          | 1 2 3 4 |  4.3
Charms         | 1 2 3 5 |  5.7
Summonings     | 1 2 3 4 |  4.3
Necromancy     | 1 2 3 4 |  4.3
Translocations | 1 2 3 4 |  4.3
Transmutations | 1 2 3 4 |  4.3
Fire Magic     | 1 2 3 4 |  4.3
Ice Magic      | 1 2 3 4 |  4.3
Air Magic      | 1 2 3 4 |  4.3
Earth Magic    | 1 2 3 4 |  4.3
Poison Magic   | 1 2 3 4 |  4.3
Fighting       | 7 8 |  8.5
Polearms       | 7 8 |  8.5
Dodging        | 7 8 |  8.5
Stealth        | 5 6 |  6.8

Action                   |  1- 3 |  4- 6 |  7- 9 | 10-12 || total
-------------------------+-------+-------+-------+-------++-------
Melee: Spear             |   111 |   184 |       |       ||   295
       Bite              |    11 |    35 |    42 |    11 ||    99
       Hand axe          |       |    57 |   305 |    77 ||   439
       Punch             |       |       |     4 |       ||     4
       Whip              |       |       |       |    10 ||    10
  Use: Scroll            |       |       |       |     5 ||     5
       Potion            |       |       |       |     5 ||     5
 Stab: Sleeping          |    10 |     9 |    10 |     1 ||    30
       Distracted        |       |     4 |       |       ||     4
       Paralysed         |       |     7 |    11 |     2 ||    20
  Eat: Chunk             |     2 |     8 |    11 |     3 ||    24
       Ration            |       |       |       |     2 ||     2
Armor: Robe              |     4 |     7 |       |       ||    11
       Ring mail         |       |     7 |    54 |     8 ||    69
       Skin              |       |       |       |    40 ||    40
       Scale mail        |       |       |       |     1 ||     1
Dodge: Dodged            |    45 |    95 |   181 |    36 ||   357
Block: Other             |     3 |    15 |    26 |       ||    44
       Reflection        |       |       |     5 |       ||     5
       Buckler           |       |       |    51 |    36 ||    87

Levels and vault maps discovered:
D:1:      giann_wishing_wells, layout_loops_corners
D:2:      layout_loops_ring, lemuel_coloured_pillars_altar,
          gammafunk_temple_overflow_pools, uniq_natasha
D:3:      layout_basic, nicolae_qazlal_general_emergency, supply_closet_lemuel,
          lemuel_tele_altar, uniq_robin
D:4:      layout_cave_pools, uniq_ijyb
D:5:      layout_rooms, zin_scriptorium, first_ration
D:6:      layout_basic, portal_sewer_entry_a, minmay_manual_mail
D:7:      layout_basic, tso_metal_star, minmay_temple_entry_butterflies,
          uniq_prince_ribbit1
D:8:      layout_basic, lair_entry_dummy
Lair:1:   layout_roguey, gauntlet_entry_generic, chequers_serial_rivers_micro_a,
          uniq_harold
Sewer:    sewer_kobolds
